[Event "Live Chess"]
[Site "Chess.com"]
[Date "2024.06.01"]
[Round "-"]
[White "Ferrarifan27"]
[Black "OliWally08"]
[Result "1-0"]
[WhiteElo "2075"]
[BlackElo "1258"]
[TimeControl "300"]
[EndTime "10:00:53 PDT"]
[Termination "Ferrarifan27 won by resignation"]

1. e4 d5 2. exd5 Nf6 3. d4 Nxd5 4. Nf3 Bg4 5. h3 Bh5 6. Be2 Nc6 7. O-O e6 8. Re1 Bd6 9. Bg5 f6 10. Bh4 g5 11. Nxg5 fxg5 12. Bxh5+ Kd7 13. Qg4 Nf4 14. Bxg5 Qf8 15. Bxf4 Qxf4 16. Qxe6+ Kd8 17. g3 Qg5 18. Bg4 Nb8 19. Nc3 h5 20. Ne4 Qg7 21. Nxd6 cxd6 22. Qxd6+ Nd7 23. Bxd7 Qxd7 24. Qf6+ 1-0

[Event "Live Chess"]
[Site "Chess.com"]
[Date "2024.06.01"]
[Round "-"]
[White "RuslanChessN"]
[Black "viktorskliarov"]
[Result "0-1"]
[WhiteElo "1980"]
[BlackElo "2638"]
[TimeControl "300"]
[EndTime "10:01:07 PDT"]
[Termination "viktorskliarov won on time"]

1. d4 Nf6 2. c4 e6 3. Nc3 Bb4 4. Qc2 c5 5. e3 O-O 6. Nf3 b6 7. Be2 Bb7 8. O-O Bxc3 9. bxc3 Nc6 10. e4 d6 11. d5 Na5 12. Bg5 h6 13. Bh4 e5 14.
Nd2 g5 15. Bg3 Ba6 16. h4 Kg7 17. Kh2 Rh8 18. Rh1 Ng8 19. Qa4 Qe8 20. Qxe8 Rxe8 21.
Raf1 Ne7 22. Kh3 Ng6 23. hxg5 hxg5+ 24. Kg4 Nf4 25. Bxf4 gxf4 26. g3 fxg3 27. Kxg3 Kf6 28. f4 Reg8+ 29. Kf3 Bc8 30. f5 Ba6 31. Bd3 Ke7 32. Be2 Kf6 33. Bd3 Bc8 34. Be2 Bd7 35.
Ke3 a6 36. Nb3 Nb7 37. Rb1 Rg3+ 38. Kd2 Rxh1 39. Rxh1 b5 40. Rh6+ Ke7 41. Nc1 Na5 42. cxb5 Bxb5 43. Bxb5 axb5 44. Ne2 Nc4+ 45. Kc2 Rg2 46. Kd1 Ne3+ 47. Kd2 Ng4 48. Rh7 Nf6 49. Rh3 Rg4 0-1

[Event "Live Chess"]
[Site "Chess.com"]
[Date "2024.06.01"]
[Round "-"]
[White "updatedopenings2024"]
[Black "StoreySniper"]
[Result "0-1"]
[WhiteElo "1786"]
[BlackElo "2547"]
[TimeControl "300"]
[EndTime "10:01:31 PDT"]
[Termination "StoreySniper won by resignation"]

1. e4 g6 2. d4 Bg7 3. Nc3 c5 4. Be3 Qa5 5. Nf3 Nf6 6. Qd2 Nc6 7. d5 Nb4 8. e5 Ng4 9. Bf4 f6 10. exf6 Nxf6 11. Bc4 a6 12. O-O b5 13. Be2 d6 14. a3 Nbxd5 15. Nxd5 Qxd2 16. Nxf6+ Bxf6 17. Nxd2 Bxb2 18. Ra2 Bg7 19. c4 O-O 20. Bg3 Be6 21.
Bf3 Ra7 22. Re1 Bf7 23. Bd5 Bxd5 24. cxd5 a5 25. Rb1 Rb8 26. a4 b4 27. Nc4 Rf8 28.
Re2 Bd4 29. h3 Rf5 30. Re6 Rxd5 31. Rbe1 Kf7 32. Bh4 g5 33. Bg3 Bf6 34. R1e4 Rd1+ 35. Kh2 d5 36. Re1 0-1

[Event "Live Chess"]
[Site "Chess.com"]
[Date "2024.06.01"]
[Round "-"]
[White "YrrriKharkiv"]
[Black "halfberg"]
[Result "1-0"]
[WhiteElo "2133"]
[BlackElo "1901"]
[TimeControl "300"]
[EndTime "10:01:33 PDT"]
[Termination "YrrriKharkiv won by resignation"]

1. d4 Nf6 2. Bf4 d6 3. Nc3 g6 4.
e4 Bg7 5. Be2 O-O 6. h4 h6 7.
Qd2 Kh7 8. Nh3 Nc6 9. Ng5+ Kg8 10. Nf3 Kh7 11. Rd1 Bd7 12. e5 Nh5 13. Be3 dxe5 14. dxe5 Be6 15. g4 Qxd2+ 16. Rxd2 Bxg4 17. Ng5+ hxg5 18. Bxg4 gxh4 19. Rxh4 Nxe5 20. Bxh5 gxh5 21. Rxh5+ Kg8 22. Rd5 Ng6 23. Rd7 b6 24. Rxc7 Rfc8 25. Rd7 Bxc3+ 26.
bxc3 Rxc3 27. Kd1 Rac8 28. Rd2 f6 29. Rhd5 Kf7 30. R5d3 Ne5 31. Rxc3 Rxc3 32. Bd4 Ra3 33. Bxe5 fxe5 34. c4 Rc3 35. Rd7 Ra3 36. Rd2 Ke6 37. Kc1 Rc3+ 38. Kb2 Rxc4 39. Kb3 Rd4 40. Rc2 Kd6 41.
Rc8 Rd2 42. Rd8+ Kc5 43. Rxd2 a5 44. Re2 Kd4 45. Ka4 e4 46. Kb5 Kd3 47. Re3+ Kd4 48. Kxb6 1-0

[Event "Live Chess"]
[Site "Chess.com"]
[Date "2024.06.01"]
[Round "-"]
[White "SirGerhard"]
[Black "LaupMiths"]
[Result "1-0"]
[WhiteElo "2764"]
[BlackElo "1801"]
[TimeControl "300"]
[EndTime "10:01:48 PDT"]
[Termination "SirGerhard won by checkmate"]

1. d4 Nf6 2. Bg5 Ne4 3. Bf4 d5 4. e3 g6 5. Bd3 Nd6 6. Nd2 Bg7 7. Ngf3 O-O 8. O-O c6 9. h3 Nd7 10. c4 Nf6 11. Qc2 dxc4 12. Nxc4 Nxc4 13. Bxc4 Bf5 14. Qb3 Qb6 15. Ne5 Qxb3 16. axb3 Nd7 17. g4 Nxe5 18.
dxe5 Be4 19. Rfd1 b5 20. Bf1 Bd5 21. b4 g5 22. Bg3 Rfd8 23. Bg2 e6 24. Rac1 Rac8 25.
Ra1 Rc7 26. e4 Bf8 27. exd5 cxd5 28. Ra5 Rb7 29. Bf1 Bxb4 30. Rxb5 Rxb5 31. Bxb5 Rb8 32. Bd3 Bc5 33. Rb1 Rb3 34. Rc1 Bxf2+ 35. Bxf2 Rxd3 36.
Kg2 Rb3 37. Rc8+ Kg7 38. Ra8 Rxb2 39. Rxa7 Re2 40. Kf3 Re4 41. Bc5 Kg6 42. Ra8 f5 43. Bd6 Rf4+ 44. Kg3 d4 45. Rf8 Re4 46. Rf6+ Kg7 47.
Bf8+ Kg8 48. Bh6 f4+ 49. Kf2 Rxe5 50. Rf8# 1-0

[Event "Live Chess"]
[Site "Chess.com"]
[Date "2024.06.01"]
[Round "-"]
[White "Andysav3"]
[Black "CheckThis4"]
[Result "0-1"]
[WhiteElo "1863"]
[BlackElo "2690"]
[TimeControl "300"]
[EndTime "10:01:55 PDT"]
[Termination "CheckThis4 won by resignation"]

1. e4 d5 2. exd5 c6 3. d4 cxd5 4. Nf3 Nf6 5. Be2 Nc6 6. O-O Bg4 7. h3 Bxf3 8. Bxf3 e6 9. Bf4 Bd6 10. Bxd6 Qxd6 11. c3 O-O 12. Nd2 b5 13. b4 Nd7 14.
Nb3 Nb6 15. Nc5 Nc4 16. a4 a6 17. Qd3 h6 18. Rfe1 Rfb8 19. g3 bxa4 20. Bg2 a5 21.
bxa5 Rxa5 22. Nxa4 Rba8 23. Qc2 Na3 24. Qb3 Rxa4 0-1

[Event "Live Chess"]
[Site "Chess.com"]
[Date "2024.06.01"]
[Round "-"]
[White "DJ_Lambton"]
[Black "degringolade64"]
[Result "1-0"]
[WhiteElo "1789"]
[BlackElo "2041"]
[TimeControl "300"]
[EndTime "10:02:09 PDT"]
[Termination "DJ_Lambton won by resignation"]

1. c4 e5 2. g3 c6 3. Bg2 d5 4.
cxd5 cxd5 5. d4 e4 6. Nc3 Nf6 7. Bg5 Nbd7 8. e3 h6 9. Bxf6 Nxf6 10.
Nge2 Bd6 11. O-O O-O 12. Qb3 Bg4 13. Nc1 Be6 14. N1e2 Qd7 15. Rfe1 Rad8 16. Rac1 Bh3 17. Nb5 Bb8 18. Nbc3 Bxg2 19. Kxg2 Qf5 20. Nf4 Bxf4 21. exf4 g5 22. fxg5 Qf3+ 23. Kg1 Ng4 24. Rc2 e3 25. Ree2 exf2+ 26. Rxf2 Nxf2 27. Rxf2 Qe3 28. Nxd5 Qxb3 29. Nf6+ Kg7 30. axb3 hxg5 31. Ne4 Rxd4 32. Nxg5 Rd3 33. Kg2 Rxb3 34. Ne4 Re3 35. Nd6 b6 36. Nf5+ Kg6 37. Nxe3 Re8 38. Nc4 Re4 39. Nd6 Re7 40. Nc8 Rc7 41.
Nd6 a5 42. h4 a4 43. Nb5 Rc4 44. Nd6 Rc7 45. Rd2 Rc5 46. Ne4 Re5 47. Nc3 b5 48. Rd5 Rxd5 49. Nxd5 Kf5 50. Kf3 Ke5 51. Nc3 1-0

[Event "Live Chess"]
[Site "Chess.com"]
[Date "2024.06.01"]
[Round "-"]
[White "vincents82"]
[Black "GEMdzq"]
[Result "0-1"]
[WhiteElo "2145"]
[BlackElo "2365"]
[TimeControl "300"]
[EndTime "10:02:23 PDT"]
[Termination "GEMdzq won by checkmate"]

1. e4 Nf6 2. e5 Nd5 3. d4 d6 4. Nf3 g6 5. Be2 Bg7 6. O-O O-O 7. c4 Nb6 8. h3 c5 9. dxc5 dxc5 10. Nc3 Nc6 11. Be3 Be6 12. b3 Nxe5 13. Rc1 Nbd7 14.
Nd5 Bxd5 15. cxd5 Rc8 16. Nxe5 Bxe5 17. f4 Bg7 18. f5 b6 19. Ba6 Rc7 20. Bf4 Be5 21.
Bxe5 Nxe5 22. Qe2 f6 23. fxg6 hxg6 24. Rcd1 Kg7 25. Bd3 Rh8 26. Rfe1 Qd6 27. Bb1 Rcc8 28. Qc2 Rh6 29. g4 Nf3+ 30. Kg2 Qh2+ 31. Kxf3 Rxh3+ 32. Ke4 Qe5# 0-1

[Event "Live Chess"]
[Site "Chess.com"]
[Date "2024.06.01"]
[Round "-"]
[White "Dhaydon19"]
[Black "nitrofish07"]
[Result "1-0"]
[WhiteElo "2701"]
[BlackElo "2151"]
[TimeControl "300"]
[EndTime "10:02:26 PDT"]
[Termination "Dhaydon19 won by resignation"]

1. d4 d5 2. Nf3 Nf6 3. g3 g6 4. Bg2 Bg7 5. O-O O-O 6. c3 c6 7. Nbd2 Bf5 8. Re1 Nbd7 9. Nh4 e6 10. Nxf5 exf5 11. f3 Re8 12. Qb3 Qb6 13. e4 fxe4 14.
fxe4 dxe4 15. Nxe4 Nxe4 16. Rxe4 Nf6 17. Rxe8+ Rxe8 18. Qxb6 axb6 19. Bd2 Kf8 20. Re1 Rxe1+ 21. Bxe1 Ke7 22. h3 Kd6 23. Kf2 h5 24. Ke2 Nd5 25. Bd2 Bf6 26. Kd3 h4 27. g4 g5 28. Ke4 Ne7 29.
c4 c5 30. dxc5+ bxc5 31. b3 Bd4 32. Bxg5 1-0

[Event "Live Chess"]
[Site "Chess.com"]
[Date "2024.06.01"]
[Round "-"]
[White "dl_chess"]
[Black "PureDashingOctopus"]
[Result "0-1"]
[WhiteElo "1165"]
[BlackElo "2207"]
[TimeControl "300"]
[EndTime "10:02:26 PDT"]
[Termination "PureDashingOctopus won by resignation"]

1. e4 c5 2. Nf3 d6 3. d4 cxd4 4. Nxd4 Nf6 5. Nc3 a6 6. Be3 e5 7. Nb3 Be7 8. Bc4 O-O 9. Qd2 Nbd7 10. O-O-O b5 11. Be2 Bb7 12. f3 Nb6 13. h4 b4 14. Nd5 Nbxd5 15. exd5 Nxd5 16. g4 Nxe3 17. Qxe3 a5 18. h5 Bg5 19. Qxg5 Qxg5+ 20. Kb1 a4 21. Nd2 d5 22. h6 g6 23. Bd3 a3 24. b3 e4 25. fxe4 Qe5 0-1

[Event "Live Chess"]
[Site "Chess.com"]
[Date "2024.06.01"]
[Round "-"]
[White "DoggyDalmatian"]
[Black "gmnorfolk"]
[Result "0-1"]
[WhiteElo "1564"]
[BlackElo "2090"]
[TimeControl "300"]
[EndTime "10:02:31 PDT"]
[Termination "gmnorfolk won by checkmate"]

1. e4 c5 2. Nf3 d6 3. d4 cxd4 4. Nxd4 Nf6 5. Nc3 a6 6. Be3 e5 7.
Nb3 Be7 8. Qd2 Be6 9. O-O-O Nbd7 10. Kb1 Rc8 11. Be2 b5 12. Nd5 Nxe4 13. Qd3 Bxd5 14. Qxd5 Nef6 15. Qd3 Qc7 16. Bf3 O-O 17. h3 Nc5 18. Nxc5 dxc5 19. c3 c4 20. Qc2 a5 21.
g4 b4 22. cxb4 axb4 23. g5 Nd7 24. Bg4 Rfd8 25. Qe4 c3 26. bxc3 bxc3 27. Kc2 Ra8 28. Ra1 Nc5 29. Bxc5 Qxc5 30. Rhb1 Rd2+ 31. Kb3 Ra3# 0-1

[Event "Live Chess"]
[Site "Chess.com"]
[Date "2024.06.01"]
[Round "-"]
[White "seasidecastle27"]
[Black "KeithArkell"]
[Result "0-1"]
[WhiteElo "1946"]
[BlackElo "2516"]
[TimeControl "300"]
[EndTime "10:02:52 PDT"]
[Termination "KeithArkell won on time"]

1. d4 e6 2. Nf3 Nf6 3. Bg5 c5 4. e3 cxd4 5. exd4 Be7 6. Nbd2 b6 7. Bd3 O-O 8. Qe2 a5 9. O-O Ba6 10. c3 Bxd3 11. Qxd3 d6 12. Rad1 Nbd7 13. Rfe1 Qc7 14. Ne4 Rfe8 15. Bh4 Nxe4 16. Qxe4 Bxh4 17. Qxh4 h6 18.
Qf4 b5 19. a3 b4 20. axb4 axb4 21. Rc1 bxc3 22. bxc3 Nb6 23. Nd2 Rec8 24. c4 Ra4 25. c5 dxc5 26. Qxc7 Rxc7 27. Rxc5 Rd7 28. Nf3 g5 29. h3 Nd5 30. Rc8+ Kg7 31. Ne5 Rb7 32.
Nf3 Nf4 33. Rc3 Ra2 34. Rce3 Rbb2 35. Rf1 Ra4 36. Re4 Re2 37. Re1 Rb2 38. Rf1 Raa2 39. h4 Kf6 40. hxg5+ hxg5 41. Re5 g4 42. Ng5 Ne2+ 43.
Kh2 Nxd4 44. Re4 Kxg5 45. Rxd4 Rxf2 46. Rxf2 Rxf2 47. Kg3 Rf5 48. Rxg4+ Kf6 49. Ra4 Kg6 50. Kh2 Kg5 51. Kg3 f6 52. Ra8 Rc5 53. Ra4 f5 54. Kf3 Rc3+ 55. Kf2 e5 56. Rb4 Rc2+ 57. Kf1 e4 58.
Rb3 Kf4 59. g3+ Kg4 60. Kg1 Rd2 61. Kf1 Rd3 62. Rxd3 exd3 63. Ke1 Kxg3 64. Kd2 f4 65. Kxd3 f3 0-1

[Event "Live Chess"]
[Site "Chess.com"]
[Date "2024.06.01"]
[Round "-"]
[White "jimwad"]
[Black "peteopeteo"]
[Result "1-0"]
[WhiteElo "1238"]
[BlackElo "1609"]
[TimeControl "300"]
[EndTime "10:03:05 PDT"]
[Termination "jimwad won by checkmate"]

1. d4 d5 2. c4 c6 3. Nc3 Nf6 4. Bf4 Bf5 5. e3 e6 6. Nf3 Bd6 7. Bg5 Nbd7 8. Bd3 Bg6 9. Bxg6 hxg6 10. h3 Be7 11. O-O c5 12. dxc5 Nxc5 13. cxd5 exd5 14.
Bxf6 Bxf6 15. Rc1 Bxc3 16. Rxc3 Ne4 17. Rd3 Nf6 18. e4 Nxe4 19. Rxd5 Qb6 20. Re5+ Kf8 21. Rxe4 Rd8 22. Qc1 Qf6 23. Rc4 Kg8 24. Rc8 Kh7 25. Rxd8 Rxd8 26. Rd1 Re8 27. Ng5+ Kg8 28. Nf3 Re2 29.
Qc8+ Kh7 30. Qxb7 Re7 31. Qb4 Re6 32. Qh4+ Qxh4 33. Nxh4 Rb6 34. b3 Ra6 35. Rd2 Rc6 36. Kh2 Rc1 37. Nf3 Rc6 38. Ng5+ Kh6 39. Nxf7+ Kh7 40.
Ng5+ Kh6 41. Nf3 a5 42. Rd5 a4 43. bxa4 Ra6 44. Rd4 g5 45. Ne5 Rf6 46. f3 Rf5 47.
Ng4+ Kh5 48. Rd3 Rf4 49. Ra3 g6 50. a5 Rf8 51. a6 Ra8 52. a7 Kh4 53. g3+ Kh5 54.
Nf6+ Kh6 55. f4 gxf4 56. gxf4 Kg7 57. Nd7 Kf7 58. Nb6 Rh8 59. a8=Q Rxa8 60. Rxa8 Kf6 61. a4 Kf5 62. Kg3 g5 63. Nd5 gxf4+ 64. Kf3 Ke5 65. Rd8 Ke6 66. a5 Kf7 67. a6 Kg6 68. a7 Kf7 69.
a8=Q Ke6 70. Qc6+ Kf7 71. Rd7+ Ke8 72. Qc8# 1-0

[Event "Live Chess"]
[Site "Chess.com"]
[Date "2024.06.01"]
[Round "-"]
[White "Delacorta"]
[Black "Ninifu"]
[Result "1-0"]
[WhiteElo "1449"]
[BlackElo "2053"]
[TimeControl "300"]
[EndTime "10:03:05 PDT"]
[Termination "Delacorta won on time"]

1. d4 Nf6 2. Nf3 g6 3. e3 Bg7 4. Be2 O-O 5. c4 d6 6. Nc3 Nbd7 7. h4 e5 8. dxe5 dxe5 9. Ng5 h6 10. Nge4 Qe7 11.
Nxf6+ Nxf6 12. h5 g5 13. Qc2 e4 14. Bd2 Bf5 15. O-O-O Rfd8 16. Qb3 b6 17. Nb5 a5 18. Nd4 Rxd4 19. exd4 Ng4 20. Bxg4 Bxg4 21. Rde1 Bxd4 22. f3 Bf5 23. fxe4 Bxe4 24. Re2 a4 25. Qg3 a3 26. b3 Bb2+ 27. Kd1 f5 28. Bc3 Rd8+ 29. Ke1 Rd3 30. Qxd3 Bxd3 31. Rxe7 Bxc3+ 32. Kf2 Bd4+ 33. Kg3 Kf8 34. Rhe1 f4+ 35. Kh2 g4 36. Rd7 g3+ 37.
Kh1 c5 38. Ree7 Bf5 39. Rf7+ Ke8 40. Rde7+ Kd8 41. Rxf5 Kxe7 42. Rxf4 Be5 43. Re4 1-0

[Event "Live Chess"]
[Site "Chess.com"]
[Date "2024.06.01"]
[Round "-"]
[White "Berdgross"]
[Black "Frankie_Badacsonyi"]
[Result "0-1"]
[WhiteElo "600"]
[BlackElo "2448"]
[TimeControl "300"]
[EndTime "10:03:08 PDT"]
[Termination "Frankie_Badacsonyi won by resignation"]

1. e4 e5 2. d3 Nc6 3. Nf3 Bc5 4. Nc3 d6 5. Nd5 h6 6. a3 Nf6 7. Nxf6+ Qxf6 8. b4 Bb6 9. Be3 O-O 10. Bxb6 axb6 11. h3 Be6 12. Be2 Qe7 13. O-O f5 14. exf5 Bxf5 15.
Nh4 Qxh4 16. g3 Qxh3 17. Bf3 Nd4 18. Bxb7 Bg4 19. Qd2 Nf3+ 0-1

[Event "Live Chess"]
[Site "Chess.com"]
[Date "2024.06.01"]
[Round "-"]
[White "blunderabit"]
[Black "KGreenGator"]
[Result "1/2-1/2"]
[WhiteElo "1817"]
[BlackElo "1776"]
[TimeControl "300"]
[EndTime "10:03:13 PDT"]
[Termination "Game drawn - timeout vs insufficient material"]

1. e4 c5 2. Nf3 g6 3. d4 cxd4 4. Nxd4 Bg7 5. Nc3 a6 6. Be3 e6 7. a4 Ne7 8. Bc4 Nbc6 9. h3 O-O 10. O-O f5 11. f3 f4 12. Bf2 Kh8 13. Qd2 e5 14. Nxc6 Nxc6 15. Nd5 d6 16. Bb6 Qg5 17.
Kh1 Ne7 18. Nxe7 Qxe7 19. Rfd1 Rf6 20. Bb3 Bf8 21. a5 Bd7 22. Bd5 Bc6 23. Bxc6 bxc6 24. Qc3 c5 25. Rd5 Rc8 26. b4 c4 27. b5 axb5 28.
Rxb5 Qd7 29. Rbb1 d5 30. exd5 Qxd5 31. Re1 Re6 32. Rad1 Qb5 33. Qd2 Rf6 34. Qd5 Qxd5 35. Rxd5 Bd6 36. Red1 Rc7 37. Rxd6 Rxd6 38. Rxd6 Re7 39.
a6 Kg7 40. a7 Rxa7 41. Bxa7 Kf7 42.
Bb8 h5 43. Rc6 g5 44. Bxe5 c3 45. Bxc3 g4 46. hxg4 hxg4 47. Bd2 gxf3 48. gxf3 Ke7 49. Bxf4 Kd7 50. Rc7+ Ke6 51. c4 Kf5 52. Rf7+ Ke6 53. c5 Kxf7 54. c6 Ke6 55. c7 Kd7 56. Be5 Kc8 57.
f4 Kd7 58. f5 Kc8 59. f6 Kd7 60. f7 Ke7 61. c8=Q Kxf7 62. Qc6 Ke7 63. Qd6+ Kf7 64. Qf6+ Ke8 1/2-1/2

[Event "Live Chess"]
[Site "Chess.com"]
[Date "2024.06.01"]
[Round "-"]
[White "Crowded_House"]
[Black "MaximKhimchenko"]
[Result "1-0"]
[WhiteElo "1747"]
[BlackElo "1785"]
[TimeControl "300"]
[EndTime "10:03:13 PDT"]
[Termination "Crowded_House won by resignation"]

1. d4 c5 2. c3 Nf6 3. dxc5 e5 4.
Bg5 Bxc5 5. e3 h5 6. Nf3 Nc6 7.
Nbd2 d6 8. Nb3 Bb6 9. Bb5 Bg4 10. Be2 Qe7 11. h3 Bxf3 12. Bxf3 Qe6 13. Bxf6 gxf6 14. Bxh5 d5 15. Qd2 Rxh5 16. O-O-O a5 17. Qe2 a4 18. Qxh5 Ke7 19. Nd2 Qd6 20. Nc4 Qc5 21. Nxb6 Qxb6 22. Rxd5 Qc7 23. Rhd1 Rd8 24. Rxd8 Nxd8 25. Qe2 Ne6 26. Qb5 a3 27. Qb4+ Ke8 28. Qxa3 1-0

[Event "Live Chess"]
[Site "Chess.com"]
[Date "2024.06.01"]
[Round "-"]
[White "lyricalschemes"]
[Black "Richardallis"]
[Result "1-0"]
[WhiteElo "2165"]
[BlackElo "1941"]
[TimeControl "300"]
[EndTime "10:03:18 PDT"]
[Termination "lyricalschemes won by resignation"]

1. e4 d5 2. exd5 Nf6 3. Nc3 Nxd5 4. Nf3 Bg4 5. Bc4 c6 6. d3 e6 7.
h3 Bxf3 8. Qxf3 Bd6 9. Ne4 Bc7 10. Bg5 f6 11. Bh4 O-O 12. O-O Nd7 13. Rfe1 Ne5 14.
Qe2 Nxc4 15. dxc4 Nf4 16. Qf3 Ng6 17. Bg3 Bxg3 18. Qxg3 e5 19. Rad1 Qb6 20. b3 Rad8 21. h4 Kf7 22. Qg4 Nf4 23. g3 Ne6 24. Nd6+ Rxd6 25.
Rxd6 Rd8 26. Qxe6+ 1-0

[Event "Live Chess"]
[Site "Chess.com"]
[Date "2024.06.01"]
[Round "-"]
[White "Mangoalo"]
[Black "PatientChessPapa"]
[Result "1-0"]
[WhiteElo "992"]
[BlackElo "784"]
[TimeControl "300"]
[EndTime "10:03:27 PDT"]
[Termination "Mangoalo won by resignation"]

1. e4 e5 2. Ne2 Nf6 3. Nbc3 Nc6 4.
d3 Bc5 5. Bg5 O-O 6. Qd2 d6 7.
Nd5 Be6 8. Nxf6+ gxf6 9. Bh6 Ne7 10. b4 Bd4 11. Nxd4 exd4 12. Qe2 Re8 13. Qg4+ Ng6 14. Qg3 d5 15. exd5 Bxd5+ 16. Be2 Qe7 17. Qg4 f5 18. Qh5 Nf4 19. Bxf4 Bxg2 20. Rg1 Qxe2+ 21. Qxe2 Rxe2+ 22. Kxe2 Re8+ 23. Kd2 1-0

[Event "Live Chess"]
[Site "Chess.com"]
[Date "2024.06.01"]
[Round "-"]
[White "MellowAesthetic"]
[Black "Ksenia_2013"]
[Result "1-0"]
[WhiteElo "2068"]
[BlackElo "720"]
[TimeControl "300"]
[EndTime "10:03:36 PDT"]
[Termination "MellowAesthetic won by checkmate"]

1. e4 e5 2. Nf3 Nc6 3. Bc4 Bc5 4. c3 Nf6 5. d3 O-O 6. O-O Ng4 7. d4 exd4 8. cxd4 Nxd4 9. Nxd4 Bxd4 10. Qxd4 Qh4 11. h3 d6 12. hxg4 Bxg4 13. Nc3 Qh5 14.
Bf4 Qg6 15. Nd5 Bh3 16. Ne7+ Kh8 17. Nxg6+ hxg6 18. gxh3 c5 19. Qxd6 Rad8 20. Qxc5 f6 21. Qxa7 Rde8 22. Qxb7 Rxe4 23. Qxe4 f5 24. Qe7 Rg8 25.
Qh4# 1-0

[Event "Live Chess"]
[Site "Chess.com"]
[Date "2024.06.01"]
[Round "-"]
[White "Bob2pen"]
[Black "Enhard"]
[Result "1-0"]
[WhiteElo "1828"]
[BlackElo "1425"]
[TimeControl "300"]
[EndTime "10:03:50 PDT"]
[Termination "Bob2pen won by resignation"]

1. e4 c6 2. d4 d5 3. Nd2 dxe4 4. Nxe4 Bf5 5. Ng3 Bg6 6. Nf3 h6 7. h4 e6 8. h5 Bh7 9. Bd3 Bxd3 10. Qxd3 Nf6 11. Bf4 Be7 12. O-O-O Qb6 13. Kb1 Nd5 14.
Bd2 Bb4 15. c3 Bd6 16. Ne4 Be7 17. Ne5 Nd7 18. f4 O-O-O 19. Nxf7 Rhf8 20. Nxd8 Bxd8 21. Rhf1 Ne7 22. g4 Bc7 23. g5 Nf5 24. gxh6 gxh6 25. Rg1 Nd6 26. Nxd6+ Bxd6 27. Rg6 Ba3 28. Bc1 Rd8 29.
Qe2 Nb8 30. Rxe6 Na6 31. Re8 Qc7 32. Qe6+ Kb8 33. Qg8 Rxe8 34. Qxe8+ Qc8 35. Qxc8+ 1-0

[Event "Live Chess"]
[Site "Chess.com"]
[Date "2024.06.01"]
[Round "-"]
[White "CarmelJane"]
[Black "Yarigo"]
[Result "0-1"]
[WhiteElo "2112"]
[BlackElo "2383"]
[TimeControl "300"]
[EndTime "10:03:58 PDT"]
[Termination "Yarigo won by resignation"]

1. e4 e5 2. Nf3 Nc6 3. d4 exd4 4. Bc4 Nf6 5. e5 d5 6. Bb5 Nd7 7. Nxd4 Nxd4 8. Qxd4 c6 9. Bd3 Qb6 10. Qf4 Qb4+ 11. Qxb4 Bxb4+ 12. c3 Ba5 13. O-O Bb6 14. Re1 O-O 15. Kh1 Nc5 16. Bc2 f6 17.
exf6 Rxf6 18. f3 Bf5 19. Bb3 Re6 20. Rxe6 Nxe6 21. Bd2 Re8 22. c4 Nc5 23. Nc3 Nxb3 24. axb3 d4 25. Na4 Re2 26. Bb4 Bc2 27. Re1 Rxe1+ 28. Bxe1 Bc7 29. Nc5 Kf7 30. g3 b6 31.
Ne4 Bxb3 32. c5 Bc2 33. b4 Bxe4 34. fxe4 bxc5 35. bxc5 a5 36. Bf2 a4 37. Bxd4 Ke6 38. Kg2 Be5 0-1

[Event "Live Chess"]
[Site "Chess.com"]
[Date "2024.06.01"]
[Round "-"]
[White "Velocity"]
[Black "Ferrarifan27"]
[Result "0-1"]
[WhiteElo "1712"]
[BlackElo "2078"]
[TimeControl "300"]
[EndTime "10:04:05 PDT"]
[Termination "Ferrarifan27 won by resignation"]

1. e4 e5 2. Nf3 Nc6 3. Bc4 Bc5 4. O-O d6 5. c3 Bg4 6. h3 Bh5 7. d3 Nf6 8. Re1 O-O 9. Nbd2 a6 10. b4 Bb6 11. a4 d5 12. exd5 Nxd5 13. Bb2 Nf4 14. Nf1 Qf6 15. Ng3 Nxh3+ 16. gxh3 Bxf3 17.
Qd2 Rad8 18. Ne4 Qg6+ 19. Ng3 Qxg3+ 0-1

[Event "Live Chess"]
[Site "Chess.com"]
[Date "2024.06.01"]
[Round "-"]
[White "TheSmoulderingMaster"]
[Black "ACM42"]
[Result "0-1"]
[WhiteElo "1748"]
[BlackElo "2212"]
[TimeControl "300"]
[EndTime "10:04:08 PDT"]
[Termination "ACM42 won by resignation"]

1. e4 e6 2. d4 d5 3. Nc3 Nf6 4. Bg5 Be7 5. e5 Nfd7 6. Bxe7 Qxe7 7. f4 a6 8. Nf3 c5 9. Bd3 Nc6 10. O-O g6 11. dxc5 Nxc5 12. Qe2 Bd7 13. Rad1 Rc8 14. Nb1 Nxd3 15. Rxd3 Nb4 16. Rb3 Bb5 17. Qd2 Qc5+ 18.
Qf2 Bxf1 19. Qxc5 Rxc5 20. Rxb4 Bb5 21. a4 Bc6 22. Nd4 Kd7 23. c3 a5 24. Rb6 Kc7 25.
Rb3 Bxa4 26. Ra3 Bd7 27. Nd2 a4 28.
b4 axb3 29. Rxb3 Ra8 30. c4 dxc4 31. Rc3 b5 0-1

[Event "Live Chess"]
[Site "Chess.com"]
[Date "2024.06.01"]
[Round "-"]
[White "NottheBishopSacrifice"]
[Black "SirGerhard"]
[Result "0-1"]
[WhiteElo "2160"]
[BlackElo "2765"]
[TimeControl "300"]
[EndTime "10:04:26 PDT"]
[Termination "SirGerhard won by resignation"]

1. d4 Nf6 2. c4 g6 3. g3 Bg7 4. Bg2 d6 5. Nc3 O-O 6. h3 c6 7. Nf3 Qa5 8. O-O Qa6 9. Qd3 Be6 10. b3 d5 11. c5 Qxd3 12. exd3 Bf5 13. Rd1 Na6 14.
Be3 Nb4 15. Ne1 Nd7 16. a3 Na6 17. f4 Naxc5 18. dxc5 Bxc3 19. Rab1 d4 20. Bf2 Nxc5 21. g4 Be6 22. Nf3 Bxb3 23. Rf1 Rad8 24. Ne5 f6 25.
Nc4 Bc2 0-1

[Event "Live Chess"]
[Site "Chess.com"]
[Date "2024.06.01"]
[Round "-"]
[White "Bradfield133"]
[Black "willc-h99"]
[Result "0-1"]
[WhiteElo "2038"]
[BlackElo "2654"]
[TimeControl "300"]
[EndTime "10:04:28 PDT"]
[Termination "willc-h99 won by checkmate"]

1. c4 b6 2. g3 Bb7 3. Nf3 g5 4. Bg2 g4 5. Nh4 Bxg2 6. Nxg2 h5 7. h3 gxh3 8. Rxh3 d5 9. cxd5 Qxd5 10. Nf4 Qd7 11.
e3 e5 12. Rxh5 Rxh5 13. Nxh5 Qh3 14. Qf3 Ne7 15. Nf6+ Kd8 16. Qxa8 Nc6 17. d4 Qh1+ 18.
Kd2 Qf3 19. d5 Qxf2+ 20. Kd3 Nb4+ 21. Ke4 Qg2+ 22. Kf5 Qf3+ 23. Kg5 Qxg3+ 24. Kf5 Qf3+ 25. Kg5 Qg3+ 26. Kf5 Qg6+ 27. Kxe5 Bd6+ 28. Kd4 Qd3# 0-1

[Event "Live Chess"]
[Site "Chess.com"]
[Date "2024.06.01"]
[Round "-"]
[White "GwaryTek"]
[Black "Rusty_Bridges"]
[Result "1-0"]
[WhiteElo "1906"]
[BlackElo "1528"]
[TimeControl "300"]
[EndTime "10:04:44 PDT"]
[Termination "GwaryTek won by resignation"]

1. d4 d5 2. Bg5 h6 3. Bh4 g5 4. Bg3 Bg7 5. Nf3 e6 6. e3 Nf6 7. c4 c6 8. Nc3 Nbd7 9. h4 g4 10.
Nd2 h5 11. Bd3 a6 12. Qc2 b5 13.
cxb5 axb5 14. O-O Nb6 15. b3 Bd7 16. f3 Bc8 17. Nxb5 cxb5 18. Bc7 Qd7 19. Bxb6 gxf3 20.
gxf3 Qe7 21. Qc5 Qxc5 22. Bxc5 Bd7 23. Kf2 Bc6 24. Rg1 Bh6 25. Nb1 Kd7 26. Nc3 Rab8 27. b4 Ne8 28. a4 bxa4 29. b5 Bb7 30. Rxa4 Nc7 31. Ra7 Ne8 32. b6 Nf6 33. Bb5+ Kd8 34.
Bd6 1-0

[Event "Live Chess"]
[Site "Chess.com"]
[Date "2024.06.01"]
[Round "-"]
[White "Trecregin"]
[Black "IanCalvert2"]
[Result "1-0"]
[WhiteElo "1851"]
[BlackElo "1527"]
[TimeControl "300"]
[EndTime "10:05:00 PDT"]
[Termination "Trecregin won on time"]

1. e4 d5 2. d4 dxe4 3. Nc3 Nf6 4. f3 exf3 5. Nxf3 c6 6. Bc4 Bf5 7. O-O e6 8. Ne5 Bg6 9. Bg5 Nbd7 10. Qe2 Bd6 11.
Rad1 Qc7 12. Bf4 O-O-O 13. Nxg6 hxg6 14. Bxd6 Qxd6 15. h3 Nb6 16. Bb3 Nbd5 17. Ne4 Nxe4 18. Qxe4 f5 19. Qe2 g5 20. Bxd5 Qxd5 21. Rfe1 Rh6 22. b3 g4 23. c4 Qd6 24. Qe5 Qxe5 25.
Rxe5 gxh3 26. gxh3 Rxh3 27. Rxe6 g5 28. d5 Rdh8 29.
Rde1 Rh1+ 30. Kg2 R8h2+ 31. Kg3 Rxe1 32. Rxe1 Rxa2 33. Re5 cxd5 34. Rxd5 Ra3 35. Rxf5 Rxb3+ 36. Kg4 b6 37. Kxg5 Rc3 38. Rf8+ Kb7 39. Rf7+ Ka6 40.
Rc7 b5 41. c5 b4 42. c6 Kb6 43.
Rb7+ Kxc6 44. Rxb4 a5 45. Rb8 a4 46. Rc8+ Kb5 47.
Rxc3 Kb4 48. Rc8 a3 49. Rb8+ Kc3 50. Kf4 a2 51. Rc8+ Kb2 52. Rb8+ Kc1 53. Rc8+ Kb2 54. Rb8+ Kc1 55. Ra8 Kb1 56. Ke3 a1=Q 57. Rb8+ Qb2 58. Rd8 Qc3+ 59. Ke4 Qc4+ 60. Ke5 Qc5+ 61. Ke4 1-0